 Dungeon Crawl Stone Soup version 0.30.0-5-g1a98f26d00 (webtiles) character file.

Game seed: 12840364173243205133

73 SnakkuSnakku7 the Sneak (level 4, 0/49 HPs)
             Began as a Vampire Hedge Wizard on May 12, 2023.
             Killed by nerve-wracking pain
             ... invoked by Jessica
              (11 damage)
             ... on level 3 of the Dungeon.
             The game lasted 00:04:17 (2241 turns).

SnakkuSnakku7 the Sneak (Vampire Hedge Wizard)      Turns: 2241, Time: 00:04:17

Health: 0/49       AC:  2    Str: 11    XL:     4   Next: 8%
Magic:  8/8        EV: 12    Int: 16    God:
Gold:   188        SH:  0    Dex: 13    Spells: 8/9 levels left

rFire   . . .        x - +0 whip
rCold   . . .        (no shield)
rNeg    . . .        b - +0 robe
rPois   .            c - +0 hat
rElec   .            (no cloak)
rCorr   .            (no gloves)
SInv    +            (no boots)
Will    .....        (no amulet) Stlth
                     v - ring of wizardry
HPRegen 0.48/turn    (no ring)
MPRegen 0.11/turn

%: wizardry (x1)
@: berserking, healing quickly, very quick
A: alive, fangs 3, see invisible, vampiric 2
a: Exsanguinate


You were on level 3 of the Dungeon.
You visited 1 branch of the dungeon, and saw 4 of its levels.

You collected 188 gold pieces.

Inventory:

Hand Weapons
 a - a +0 dagger
 x - a +0 whip (weapon)
Missiles
 i - 11 poisoned darts (quivered)
Armour
 b - a +0 robe (worn)
 c - a +0 hat (worn)
Jewellery
 v - a ring of wizardry (left hand)
Scrolls
 e - 2 scrolls of enchant armour {unknown}
 f - a scroll of immolation {unknown}
 h - a scroll of blinking {unknown}
 j - 2 scrolls of teleportation {unknown}
 l - a scroll of fear {unknown}
 m - a scroll of brand weapon {unknown}
 o - a scroll of amnesia {unknown}
 q - a scroll of poison {unknown}
 r - a scroll of acquirement {unknown}
 y - a scroll of silence {unknown}
 B - a scroll of enchant weapon {unknown}
Potions
 d - a potion of magic
 g - a potion of haste
 k - a potion of attraction {unknown}
 n - a potion of degeneration {unknown}
 p - a potion of lignification {unknown}
 s - a potion of resistance {unknown}
 u - a potion of mutation {unknown}
 w - 2 potions of flight
 z - a potion of might
 A - a potion of cancellation {unknown}


   Skills:
 + Level 2.3 Fighting
 + Level 1.0 Maces & Flails
 - Level 2.1 Dodging
 - Level 3.0 Stealth
 - Level 2.1 Unarmed Combat
 - Level 3.0 Spellcasting
 - Level 0.6 Conjurations
 - Level 1.0 Summonings
 - Level 0.7 Translocations


You had 8 spell levels left.
You knew the following spells:

 Your Spells              Type           Power      Damage    Failure   Level
a - Magic Dart            Conj           16%        1d3       6%          1

Your spell library contained the following spells:

 Spells                   Type           Power      Damage    Failure   Level
 Slow                     Hex            8%         N/A       8%          1
 Call Imp                 Summ           10%        N/A       8%          2
 Blink                    Tloc           8%         N/A       9%          2
 Cigotuvi's Dreadful Rot  Necr/Pois/Air  4%         N/A       12%         2
 Call Canine Familiar     Summ           5%         N/A       16%         3
 Portal Projectile        Hex/Tloc       6%         N/A       19%         3
 Mephitic Cloud           Conj/Pois/Air  3%         N/A       21%         3
 Ignite Poison            Fire/Tmut/Pois 2%         N/A       22%         3
 Leda's Liquefaction      Hex/Erth       1%         N/A       56%         4
 Freezing Cloud           Conj/Ice/Air   1%         6-21      86%         5


Dungeon Overview and Level Annotations

Branches:
Dungeon (4/15)
 Temple: D:4-7

Altars:
Cheibriados
Gozag
Makhleb
Okawaru

Shops:
D:2 (

Annotations:
D:3 exclusion: 3 doors, Jessica


Innate Abilities, Weirdness & Mutations

Your natural rate of healing is accelerated.
You have razor-sharp teeth.
You have supernaturally acute eyesight. (SInv)
You are afflicted with vampirism and can become a bat while bloodless.


Message History

The kobold attacks as you move away!
The kobold hits you with a +0 short sword.
Jessica attacks as you move away! Jessica closely misses you.
You hit Jessica but do no damage. Your punch misses Jessica.
Jessica hits you with a +0 dagger.
You hit Jessica but do no damage. Jessica closely misses you.
You hit Jessica but do no damage. Jessica hits you with a +0 dagger.
You hit Jessica. You punch Jessica, but do no damage.
Jessica is lightly wounded.
Jessica hits you but does no damage.
You hit Jessica.
Jessica is moderately wounded.
Jessica hits you with a +0 dagger.
You hit Jessica.
Jessica is heavily wounded.
Jessica hits you with a +0 dagger.
You barely miss Jessica.
Jessica is heavily wounded.
Jessica casts a spell.
Jessica seems to speed up.
You barely miss Jessica.
Jessica is heavily wounded.
Jessica hits you with a +0 dagger. Jessica barely misses you.
You barely miss Jessica.
Jessica is heavily wounded.
Jessica barely misses you.
You hit Jessica but do no damage.
Jessica is heavily wounded.
Jessica hits you with a +0 dagger.
* * * LOW HITPOINT WARNING * * *
Jessica says, "Why did you come here?" Jessica closely misses you.
You closely miss Jessica.
Jessica is heavily wounded.
Jessica barely misses you.
A red film seems to cover your vision as you go berserk!
You feel yourself moving faster!
You feel mighty! Jessica casts a spell at you. Pain shoots through your body!
You die...

#.# ##..#####...###.....#.###.#
#.# #..####.#...#...........#.#
##.####.......#...#..###..#.#...#
#........##...#...##.# #.....#.>#
#...........###...##.# #........#
............# #...##.###....###..
#...........# #.K.#.........# #.#
#.....##########@##########.# #..
......'.......##@##.... +.# ###
####..'.........Š...... +.# #
#..'.......##.##..... +.#
#############.# #### ### ... ...#
...# #...# ..#


You could see Jessica (fast) and a kobold.

Vanquished Creatures
  2 adders (D:2)
  2 dart slugs
  6 ball pythons
  4 endoplasms
  4 giant cockroaches
  3 goblins
  6 hobgoblins
  2 jackals (D:1)
  6 bats
  2 frilled lizards
  7 kobolds
  7 rats
51 creatures vanquished.

Notes
Turn   | Place    | Note
-------+----------+-------------------------------------------
     0 | D:1      | SnakkuSnakku7 the Vampire Hedge Wizard began the quest for
                  | the Orb.
     0 | D:1      | Reached XP level 1. HP: 13/13 MP: 4/4
   251 | D:1      | Reached skill level 1 in Unarmed Combat
   303 | D:1      | Reached skill level 1 in Fighting
   303 | D:1      | Reached XP level 2. HP: 18/21 MP: 6/6
   675 | D:1      | Gained mutation: You are afflicted with vampirism and can
                  | become a bat while bloodless. [Vampire growth]
   675 | D:1      | Reached XP level 3. HP: 16/26 MP: 7/7
   927 | D:2      | Found Badwir's Antique Weapon Boutique.
   967 | D:2      | You fall into a shaft and drop 2 floors!
   967 | D:4      | Found a snail-covered altar of Cheibriados.
  1058 | D:3      | Found a burning altar of Makhleb.
  1366 | D:2      | Reached skill level 1 in Maces & Flails
  1780 | D:2      | Found an iron altar of Okawaru.
  1868 | D:3      | Reached XP level 4. HP: 29/33 MP: 8/8
  2113 | D:3      | Found an opulent altar of Gozag.
  2182 | D:3      | Noticed Jessica
  2241 | D:3      | Killed from afar by Jessica

Illustrated notes

Levels and vault maps discovered:
D:1:      lightli_arrival_maybe_door_vault, layout_loops_ring
D:2:      layout_basic, basic_altar, serial_shops, shop
D:3:      layout_rooms, lightli_temple_of_fire,
          nicolae_gozag_cash_rules_everything_around_me,
          kennysheep_cross_bottleneck, ebering_dispersal_statue_hall,
          serial_bayou_pond_d, minmay_door_square, uniq_jessica
D:4:      layout_basic, yredelemnul_forgotten_temple_becter,
          mainiacjoe_overflow_concentric_impassable, lemuel_temple_firewalk_a,
          uniq_crazy_yiuf_cottage, uniq_duvessa

Skill      XL: |  1  2  3 |
---------------+----------+-----
Unarmed Combat | 1 2 |  2.1
Fighting       | 1 2 |  2.3
Maces & Flails | 1 |  1.0
Dodging        | |  2.1
Stealth        | |  3.0
Spellcasting   | |  3.0
Conjurations   | |  0.6
Summonings     | |  1.0
Translocations | |  0.7

Action                     |  1- 3 |  4- 6 || total
---------------------------+-------+-------++-------
  Melee: Dagger            |    98 |       ||    98
         Bite              |    13 |     3 ||    16
         Punch             |     3 |     2 ||     5
         Unarmed           |    53 |       ||    53
         Whip              |    32 |    25 ||    57
  Throw: Dart              |     2 |       ||     2
    Use: Potion            |     3 |     1 ||     4
         Scroll            |     3 |       ||     3
   Stab: Sleeping          |     8 |     2 ||    10
         Distracted        |     1 |       ||     1
 Armour: Robe              |    39 |     2 ||    41
  Dodge: Dodged            |   147 |    20 ||   167
